 Dungeon Crawl Stone Soup version 0.32-a0-871-ge202e49faa (webtiles) character file.

Game seed: 930188487215066009

227 Fractals the Trooper (level 5, 0/50 HPs)
             Began as a Mountain Dwarf Fighter on Mar 29, 2024.
             Slain by Edmund
             ... wielding a +2 flail of holy wrath
              (5 damage)
             ... on level 4 of the Dungeon.
             The game lasted 00:05:16 (2519 turns).

Fractals the Trooper (Mountain Dwarf Fighter)       Turns: 2519, Time: 00:05:18

Health: 0/50       AC: 10    Str: 21    XL:     5   Next: 70%
Magic:  5/5        EV:  6    Int:  8    God:
Gold:   229        SH:  4    Dex:  9    Spells: 4/4 levels left

rFire   . . .        a - +0 war axe
rCold   . . .        c - +0 buckler
rNeg    . . .        n - +0 chain mail
rPois   .            (no helmet)
rElec   .            p - +0 cloak
rCorr   .            (no gloves)
SInv    .            (no boots)
Will    .....        (no amulet) Stlth
                     (no ring)
HPRegen 0.28/turn    (no ring)
MPRegen 0.09/turn

%: no passive effects
@: mighty
A: runic magic, artefact enchanting
a: no special abilities


You were on level 4 of the Dungeon.
You visited 1 branch of the dungeon, and saw 4 of its levels.

You collected 229 gold pieces.

Inventory:

Hand Weapons
 a - a +0 war axe (weapon)
Armour
 c - a +0 buckler (worn)
 n - a +0 chain mail (worn)
 p - a +0 cloak (worn)
Jewellery
 i - a ring of ice
 q - a ring of ice
Scrolls
 e - 4 scrolls of identify
 f - 3 scrolls of teleportation
 g - a scroll of blinking {unknown}
 h - a scroll of fear {unknown}
 l - a scroll of noise {unknown}
 m - a scroll of enchant armour {unknown}
Potions
 b - a potion of curing {unknown}
 j - 2 potions of enlightenment
 k - 2 potions of brilliance
 o - a potion of heal wounds {unknown}
 r - a potion of haste {unknown}
 s - a potion of attraction {unknown}


   Skills:
 + Level 5.8 Fighting
 - Level 4.0 Axes
 + Level 3.3 Armour
 - Level 4.2 Shields


You had 4 spell levels left.
You didn't know any spells.
Your spell library contained the following spells:

 Spells                   Type           Power      Damage    Failure   Level
 Blink                    Tloc           0%         N/A       78%         2
 Lesser Beckoning         Tloc           0%         N/A       78%         2
 Momentum Strike          Conj/Tloc      0%         3d8       78%         2


Dungeon Overview and Level Annotations

Branches:
Dungeon (4/15)
 Temple: D:4-7

Altars:
Ashenzari
Cheibriados
Fedhas
Sif Muna
Wu Jian

Annotations:
D:4 Edmund


Innate Abilities, Weirdness & Mutations

Your spellcasting is much less encumbered by armour.
You can use scrolls of enchantment on lesser artefacts.


Message History

Edmund is lightly wounded.
You block Edmund's attack.
You closely miss Edmund.
Edmund is lightly wounded.
Edmund hits you with a +2 flail of holy wrath!
Edmund hits you with a +2 flail of holy wrath.
You closely miss Edmund.
Edmund is lightly wounded.
Edmund hits you but does no damage.
You slash Edmund!
Edmund is moderately wounded.
Edmund hits you but does no damage.
You hit Edmund.
Edmund is heavily wounded.
Edmund hits you but does no damage.
Edmund hits you with a +2 flail of holy wrath!
You slash Edmund!
Edmund is severely wounded.
Edmund hits you with a +2 flail of holy wrath.
You hit Edmund.
Edmund is almost dead.
Edmund hits you with a +2 flail of holy wrath.
You barely miss Edmund.
Edmund is almost dead.
Edmund hits you with a +2 flail of holy wrath. x2
* * * LOW HITPOINT WARNING * * *
You barely miss Edmund.
Edmund is almost dead.
Edmund says, "A flail is better than a scythe, any day of the week!"
Edmund hits you with a +2 flail of holy wrath.
* * * LOW HITPOINT WARNING * * *
You hit Edmund.
Edmund is almost dead.
Edmund hits you with a +2 flail of holy wrath!
* * * LOW HITPOINT WARNING * * *
You barely miss Edmund.
Edmund is almost dead.
Edmund hits you with a +2 flail of holy wrath.
You die...
Edmund says, "I'd like to see a scythe do that!"

#.##..##...##
#..
######(..##
.... ###..##
.#. ##..###
##...###
##....#####
##..........
##....#####..
#.@..##
#@..##
.........##
........##
######...
##.. #...
##.. ...


You could see Edmund.

Vanquished Creatures
  A jelly (D:4)
  A bombardier beetle (D:4)
  An orc priest (D:3)
  A gnoll (D:2)
  2 adders
  3 ribbon worms
  8 orcs (D:3)
  13 ball pythons
  11 endoplasms
  5 giant cockroaches
  10 goblins
  5 hobgoblins
  7 jackals
  6 quokkas
  4 bats
  2 frilled lizards
  A kobold (D:2)
  5 rats
86 creatures vanquished.

Notes
Turn   | Place    | Note
-------+----------+-------------------------------------------
     0 | D:1      | Fractals the Mountain Dwarf Fighter began the quest for the
                  | Orb.
     0 | D:1      | Reached XP level 1. HP: 19/19 MP: 1/1
    98 | D:1      | Reached XP level 2. HP: 26/26 MP: 2/2
   345 | D:1      | Reached skill level 4 in Fighting
   706 | D:1      | Reached XP level 3. HP: 31/33 MP: 3/3
  1140 | D:2      | Reached XP level 4. HP: 41/41 MP: 4/4
  1474 | D:3      | Found a broken altar of Ashenzari.
  1506 | D:3      | Found an ornate altar of the Wu Jian Council.
  1520 | D:3      | Reached skill level 5 in Fighting
  1756 | D:3      | Found a blossoming altar of Fedhas.
  1779 | D:3      | Found a snail-covered altar of Cheibriados.
  1819 | D:3      | Reached XP level 5. HP: 45/48 MP: 5/5
  1850 | D:3      | Found a shimmering blue altar of Sif Muna.
  2500 | D:4      | Noticed Edmund
  2519 | D:4      | Slain by Edmund

Illustrated notes

Levels and vault maps discovered:
D:1:      eino_arrival_tree_alley, layout_basic
D:2:      layout_rooms, cheibrodos_gnoll_hut
D:3:      layout_basic, slow_altar_1, old_standard_altar,
          nicolae_wu_jian_wuxing_cycle, mainiacjoe_overflow_24_doors,
          mainiacjoe_overflow_surrounded_room
D:4:      layout_cave_pods, nemelex_dance_club_becter,
          nicolae_shop_distant_corner_stores, minmay_misc_feat_secret_circle,
          uniq_edmund

Skill      XL: |  1  2  3  4  5 |
---------------+----------------+-----
Fighting       | 4 5 |  5.8
Shields        | 4 |  4.2
Axes           | 3 4 |  4.0
Armour         | |  3.3

Action                     |  1- 3 |  4- 6 || total
---------------------------+-------+-------++-------
  Melee: War axe           |   109 |   119 ||   228
    Use: Scroll            |       |     3 ||     3
         Potion            |       |     2 ||     2
 Armour: Scale mail        |   105 |    35 ||   140
         Chain mail        |       |    72 ||    72
  Dodge: Dodged            |    57 |    43 ||   100
  Block: Buckler           |    21 |    31 ||    52

Table legend: (Time is in decaauts)
 A = Elapsed time spent in this place.
 B = Non-inter-level travel time spent in this place.
 C = Inter-level travel time spent in this place.
 D = Time resting spent in this place.
 E = Time spent auto-exploring this place.
 F = Levels seen in this place.
 G = Mean time per level.
                   A        B        C        D        E       F      G
               +--------+--------+--------+--------+--------+-----+--------+
         Total |   2607 |   2474 |    133 |    250 |   1485 |   4 |  651.8 |
       Dungeon |   2607 |   2474 |    133 |    250 |   1485 |   4 |  651.8 |
               +--------+--------+--------+--------+--------+-----+--------+

Top non-repeatable levels by time:
     D:1: 790 daAuts
     D:3: 706 daAuts
     D:2: 635 daAuts
     D:4: 475 daAuts
